 Dungeon Crawl Stone Soup version 0.20.0-8-g6b59dc7 (webtiles) character file.

1676 QuCean the Cleaver (level 8, 0/70 HPs)
             Began as a Minotaur Fighter on June 2, 2017.
             Was a Follower of Okawaru.
             Slain by an orc warrior
             ... wielding a +0 halberd
              (7 damage)
             ... on level 6 of the Dungeon.
             The game lasted 00:25:07 (5411 turns).

QuCean the Cleaver (Minotaur Fighter)               Turns: 5411, Time: 00:25:08

Health: 0/70       AC: 10    Str: 23    XL:     8   Next: 70%
Magic:  7/7        EV:  7    Int:  8    God:    Okawaru [*.....]
Gold:   300        SH: 11    Dex: 13    Spells: 7/7 levels left

rFire    . . .     SeeInvis .   x - +3 war axe
rCold    . . .     Gourm    .   c - +0 shield
rNeg     . . .     Faith    .   t - +0 chain mail
rPois    .         Spirit   .   (helmet restricted)
rElec    .         Reflect  .   (no cloak)
rCorr    .         Harm     .   (no gloves)
MR       .....                  (no boots)
Stlth    ..........             (no amulet)
Regen    0.3/turn               k - +3 ring of dexterity
MPRegen  0.1/turn               j - +3 ring of intelligence

@: no status effects
A: retaliatory headbutt, horns 2
a: Heroism, Renounce Religion


You were on level 6 of the Dungeon.
You worshipped Okawaru.
Okawaru was aware of your devotion.
You were not hungry.

You visited 2 branches of the dungeon, and saw 7 of its levels.
You also visited: Sewer.

You collected 300 gold pieces.

Inventory:

Hand Weapons
 a - a +1 war axe
 x - a +3 war axe (weapon)
 y - a +0 hand axe of chopping
 z - a +0 hand axe of chopping
Armour
 b - a +0 scale mail
 c - a +0 shield (worn)
 t - a +0 chain mail (worn)
Jewellery
 j - a +3 ring of intelligence (right hand)
 k - a +3 ring of dexterity (left hand)
Wands
 h - a wand of paralysis (4/24)
Scrolls
 i - 3 scrolls of remove curse
 m - 2 scrolls of teleportation
 s - a scroll of enchant weapon
 u - a scroll of fog {unknown}
 v - a scroll of noise {unknown}
 w - a scroll of identify {unknown}
 C - a scroll of magic mapping
Potions
 d - 2 potions of might
 e - a potion of agility {unknown}
 l - 2 potions of brilliance {unknown}
 n - a potion of ambrosia {unknown}
 o - a potion of lignification {unknown}
 p - 3 potions of flight {unknown}
 q - 3 potions of curing {unknown}
 r - 3 potions of heal wounds {unknown}
 B - a potion of resistance {unknown}
Comestibles
 f - a bread ration
 g - 4 royal jellies
 A - a meat ration


   Skills:
 + Level 6.2 Fighting
 + Level 8.2 Axes
 + Level 7.5 Armour
 + Level 2.1 Dodging
 + Level 0.5 Stealth
 + Level 7.1 Shields


You had 7 spell levels left.
You didn't know any spells.

Dungeon Overview and Level Annotations

Branches:
Dungeon (6/15)             Temple (1/1) D:4

Altars:
Cheibriados
Dithmenos
Elyvilon
Fedhas
Gozag
Hepliaklqana
Kikubaaqudgha
Makhleb
Nemelex Xobeh
Okawaru
Qazlal
Sif Muna
Trog
Uskayaw
Vehumet
Xom
Yredelemnul
Zin
The Shining One

Shops:
D:4 (


Innate Abilities, Weirdness & Mutations

You reflexively headbutt those who attack you in melee.
You have a pair of horns on your head.


Message History

The orc warrior closely misses you.
You slash the orc warrior!
The orc warrior is moderately wounded.
The orc warrior hits you with a halberd!
* * * LOW HITPOINT WARNING * * *
You hit the orc warrior.
The orc warrior is heavily wounded.
The orc warrior hits you with a halberd.
* * * LOW HITPOINT WARNING * * *
You completely miss the orc warrior.
The orc warrior is heavily wounded.
You block the orc warrior's attack.
You hit the orc warrior but do no damage.
You headbutt the orc warrior.
The orc warrior is severely wounded.
You block the orc warrior's attack.
You hit the orc warrior.
The orc warrior is almost dead.
The orc warrior hits you with a halberd!
You die...

##.....>..######.####..#
#..................##..#
#................#.##..#
#.........########......
#.........# #......
###.......# #....<.
#####'### #......
#######)### #......
#......@o.# ##.....
#.........# +.....
#....[....# #.....
#.........# #.....
#.........# #.....
#...[.....# #.....
#.........# ####..
#.........# ..


You could see an orc warrior.

Vanquished Creatures
  The ghost of Turtleman12345 the Destroyer, a novice TeCj of Jiyva (D:5)
  Sigmund (D:3)
  The ghost of alpinistek the Chopper, an amateur BaFi of Okawaru (D:4)
  3 ogres (D:4)
  A centaur (D:5)
  A big kobold (Sewer)
  A howler monkey (D:4)
  2 hounds
  5 orc priests
  2 orc wizards (D:5)
  Jessica (D:3)
  A centaur skeleton (D:4)
  An iguana (D:4)
  Ijyb (D:3)
  4 worker ants (D:4)
  Natasha (thrice) (D:2)
  7 adders
  An ooze (D:4)
  An adder zombie (D:5)
  An adder skeleton (D:4)
  3 dart slugs (D:4)
  5 leopard geckos
  13 orcs
  2 ball pythons
  3 bats
  7 giant cockroaches
  7 hobgoblins
  8 jackals
  9 kobolds
  2 quokkas
  5 frilled lizards
  8 goblins
  A leopard gecko skeleton (D:4)
  11 rats
123 creatures vanquished.

Notes
Turn   | Place    | Note
-------+----------+-------------------------------------------
     0 | D:1      | QuCean the Minotaur Fighter began the quest for the Orb.
     0 | D:1      | Reached XP level 1. HP: 19/19 MP: 0/0
   141 | D:1      | Reached XP level 2. HP: 25/27 MP: 1/1
   612 | D:1      | Reached skill level 3 in Axes
   838 | D:2      | Reached XP level 3. HP: 33/33 MP: 2/2
   880 | D:2      | Found a burning altar of Makhleb.
   974 | D:2      | Reached XP level 4. HP: 40/40 MP: 3/3
   994 | D:2      | Noticed Natasha
  1005 | D:2      | Killed Natasha
  1015 | D:2      | Noticed Natasha
  1018 | D:2      | Killed Natasha
  1479 | D:2      | Noticed Natasha
  1487 | D:2      | Killed Natasha
  1487 | D:2      | Reached skill level 4 in Axes
  1487 | D:2      | Reached XP level 5. HP: 37/46 MP: 4/4
  1731 | D:3      | Noticed Sigmund
  1749 | D:3      | Killed Sigmund
  1749 | D:3      | Reached skill level 5 in Armour
  1749 | D:3      | Reached skill level 1 in Dodging
  1749 | D:3      | Reached XP level 6. HP: 32/53 MP: 5/5
  1812 | D:3      | Noticed Jessica
  1821 | D:3      | Killed Jessica
  1821 | D:3      | Reached skill level 5 in Shields
  2074 | D:3      | Noticed Ijyb
  2089 | D:3      | Paralysed by Ijyb for 5 turns
  2101 | D:3      | Killed Ijyb
  2216 | D:3      | Reached skill level 5 in Fighting
  2525 | D:4      | Found a staircase to the Ecumenical Temple.
  2556 | Temple   | Entered the Ecumenical Temple
  2727 | Temple   | Became a worshipper of Warmaster Okawaru
  2875 | D:4      | Reached skill level 5 in Axes
  2909 | D:4      | Reached XP level 7. HP: 24/61 MP: 6/6
  3320 | D:4      | Reached skill level 6 in Axes
  3448 | D:4      | Found Eheniudd's Weapon Shoppe.
  3994 | D:4      | Noticed alpinistek's ghost (amateur BaFi)
  4003 | D:4      | Killed alpinistek's ghost
  4003 | D:4      | Reached * piety under Okawaru
  4006 | D:4      | Reached XP level 8. HP: 43/70 MP: 7/7
  4165 | D:4      | Reached skill level 7 in Axes
  4230 | D:5      | Entered Level 5 of the Dungeon
  4301 | D:5      | Noticed Turtleman12345's ghost (novice TeCj)
  4316 | D:5      | Killed Turtleman12345's ghost
  4793 | D:5      | Reached skill level 8 in Axes
  4822 | D:5      | Found a glowing drain.
  4827 | Sewer    | Entered a sewer
  4936 | Sewer    | Found a white marble altar of Elyvilon.
  5411 | D:6      | Slain by an orc warrior

Skill      XL: |  1  2  3  4  5  6  7  8 |
---------------+-------------------------+-----
Armour         | 4 5 6 7 |  7.5
Axes           | 3 4 5 6 8 |  8.2
Shields        | 4 5 7 |  7.1
Fighting       | 4 5 6 |  6.2
Dodging        | 1 2 |  2.1
Stealth        | |  0.5

Action                   |  1- 3 |  4- 6 |  7- 9 || total
-------------------------+-------+-------+-------++-------
Melee: War axe           |    43 |   112 |   170 ||   325
       Headbutt          |     8 |    17 |    27 ||    52
Invok: Heroism           |       |       |     1 ||     1
  Use: Scroll            |     6 |     1 |       ||     7
  Eat: Chunk             |       |     5 |       ||     5
       Bread ration      |       |     1 |     2 ||     3
Armor: Scale mail        |    26 |    28 |       ||    54
       Chain mail        |       |    10 |    58 ||    68
Dodge: Dodged            |    21 |    34 |    58 ||   113
Block: Shield            |    29 |    48 |   131 ||   208
